 Dungeon Crawl Stone Soup version 0.27-a0-1591-gc56fcc985a (webtiles) character file.

Game seed: 4149261848687982436

5273 Anon1729 the Slicer (level 10, -5/72 HPs)
             Began as a Merfolk Monk on July 19, 2021.
             Was an Elder of Hepliaklqana.
             Slain by a wyvern (18 damage)
             ... on level 8 of the Dungeon.
             The game lasted 00:13:05 (10196 turns).

Anon1729 the Slicer (Merfolk Monk)                 Turns: 10196, Time: 00:13:05

Health: -5/72      AC:  4    Str: 11    XL:     10   Next: 63%
Magic:  15/15      EV: 18    Int: 11    God:    Hepliaklqana [****..]
Gold:   64         SH:  0    Dex: 19    Spells: 9/9 levels left

rFire    . . .     SeeInvis .   f - +6 dagger (elec)
rCold    . . .     Faith    .   (no shield)
rNeg     . . .     Spirit   .   b - +0 robe
rPois    .         Reflect  .   (no helmet)
rElec    .         Harm     .   (no cloak)
rCorr    .         Rampage  .   v - +0 pair of gloves
Will     .....                  D - +0 pair of boots
Stlth    ++++......             (no amulet)
HPRegen  0.22/turn              k - ring of wizardry
MPRegen  0.14/turn              (no ring)

@: no status effects
A: reduced essence, (nimble swimmer 2), mertail
a: Renounce Religion, Recall Ancestor, Ancestor Identity, Transference, Idealise


You were on level 8 of the Dungeon.
You worshipped Hepliaklqana.
Hepliaklqana was greatly pleased with you.
You visited 2 branches of the dungeon, and saw 9 of its levels.
You also visited: Ossuary.

You collected 405 gold pieces.
You spent 341 gold pieces at shops.

Inventory:

Hand Weapons
 a - a +0 short sword
 f - a +6 dagger of electrocution (weapon)
 E - a +1 dagger of venom
 I - the +7 hand axe of Cowardice {speed, rElec MP+9 Dex+8 Stlth-}
   (You found it on level 7 of the Dungeon)

   Attacks with this weapon are significantly faster.
   Dex:       It affects your dexterity (+8).
   rElec:     It insulates you from electricity.
   MP:        It affects your magic capacity (+9).
   Stlth:     It makes you less stealthy.
Missiles
 m - 2 throwing nets (quivered)
Armour
 b - a +0 robe (worn)
 v - a +0 pair of gloves (worn)
 D - a +0 pair of boots (worn)
 J - +0 pearl dragon scales
Jewellery
 k - a ring of wizardry (left hand)
Wands
 p - a wand of iceblast (19)
 y - a wand of flame (38)
Scrolls
 c - 4 scrolls of noise
 d - 4 scrolls of vulnerability
 e - a scroll of torment
 g - 3 scrolls of magic mapping
 i - 3 scrolls of teleportation
 j - a scroll of immolation {unknown}
 o - 2 scrolls of amnesia {unknown}
 r - 2 scrolls of enchant armour {unknown}
 s - a scroll of fog {unknown}
 A - 6 scrolls of identify
 B - 2 scrolls of fear {unknown}
 G - 2 scrolls of blinking {unknown}
 H - a scroll of holy word {unknown}
Potions
 h - a potion of brilliance {unknown}
 l - a potion of might {unknown}
 n - 6 potions of curing
 q - 7 potions of resistance
 t - 3 potions of haste
 u - 2 potions of attraction {unknown}
 w - 3 potions of lignification
 x - 2 potions of ambrosia {unknown}
 z - 2 potions of mutation {unknown}
 C - 2 potions of heal wounds
 F - 2 potions of flight {unknown}


   Skills:
 + Level 7.8 Fighting
 * Level 10.7 Short Blades
 + Level 9.3 Dodging
 + Level 8.0 Stealth
 + Level 6.9 Invocations


You had 9 spell levels left.
You didn't know any spells.
Your spell library contained the following spells:

 Spells                   Type           Power      Damage    Failure   Level
 Freeze                   Ice            0%         1d3       14%         1
 Summon Small Mammal      Summ           0%         N/A       14%         1
 Ensorcelled Hibernation  Hex/Ice        0%         N/A       21%         2
 Call Canine Familiar     Summ           0%         N/A       38%         3
 Frozen Ramparts          Ice            0%         1d2       38%         3
 Portal Projectile        Hex/Tloc       0%         N/A       38%         3
 Spider Form              Tmut/Pois      0%         N/A       38%         3
 Summon Guardian Golem    Hex/Summ       0%         N/A       38%         3
 Hailstorm                Conj/Ice       0%         3d3       77%         4
 Blade Hands              Tmut           0%         N/A       98%         5
 Excruciating Wounds      Necr           0%         N/A       98%         5
 Fireball                 Conj/Fire      0%         3d3       98%         5
 Iskenderun's Battlesphe  Conj           0%         2d6       98%         5
 Conjure Ball Lightning   Conj/Air       0%         3x3d6     100%        6
 Shadow Creatures         Summ           N/A        N/A       100%        6
 Orb of Destruction       Conj           0%         N/A       100%        7


Dungeon Overview and Level Annotations

Branches:
Dungeon (8/15)             Temple (1/1) D:6         Ossuary (visited)
   Lair: D:8-11

Altars:
Dithmenos
Hepliaklqana
Okawaru
Qazlal
Sif Muna
Vehumet
Wu Jian
Xom

Shops:
D:7 !

Annotations:
D:3 3 runed translucent doors, HoaS's ghost, amateur TeBe
D:6 2 transporters, Daviar's ghost, novice DrAE


Innate Abilities, Weirdness & Mutations

Your life essence is reduced to manifest your ancestor. (-10% HP)
((You are quick and stealthy near water. (Stealth+, EV+, Speed+++)))
Your lower body shifts to a powerful aquatic tail in water.


Message History

The wyvern misses you.
You hit the wyvern. Lightning courses through the wyvern!!
The wyvern is severely wounded.
The wyvern bites you!
* * * LOW HITPOINT WARNING * * *
You feel much better. The wyvern completely misses you.
You hit the wyvern but do no damage. Lightning courses through the wyvern!
You kill the wyvern!
You barely miss the water moccasin.
The water moccasin is severely wounded.
The water moccasin bites you.
You hit the water moccasin.
The water moccasin is almost dead.
You hit the water moccasin.
Lightning courses through the water moccasin!
You kill the water moccasin!
The yak seems less drained.
You hit the wyvern.
The wyvern is lightly wounded.
You hit the wyvern.
The wyvern is moderately wounded.
The wyvern barely misses you.
You hit the wyvern but do no damage.
The wyvern is moderately wounded.
The wyvern bites you!
* * * LOW HITPOINT WARNING * * *
Okay, then.
The yak snorts and paws the ground.
The wyvern bites you but does no damage.
The wyvern barely misses you. The wyvern closely misses you.
You hit the wyvern.
The wyvern is moderately wounded.
The wyvern barely misses you. The wyvern barely misses you.
You feel much better. The wyvern bites you!
* * * LOW HITPOINT WARNING * * *
The wyvern barely misses you. The wyvern bites you!!
You die...

####### #.....###
#######.###...######
#..@l.Y.# #.#.l††...
#.#####Y###..Y######
#.# #..Y.Y### #Y #.#
####### #.♣ #.# #♣)
#####.# . #.....# ..
#.##### ♣. #.# ..


You could see 2 yaks and a wyvern.

Vanquished Creatures
  A yak (D:8)
  A wyvern (D:8)
  A steam dragon (D:6)
  5 water moccasins
  A black bear (D:4)
  An ice beast (D:7)
  A sky beast (D:6)
  A necrophage (D:5)
  3 ogres
  A kobold brigand (D:7)
  3 bullfrogs
  A gnoll sergeant (D:7)
  2 wyvern zombies (Ossuary)
  4 water moccasin zombies (Ossuary)
  3 scorpions
  A water moccasin skeleton (D:7)
  9 killer bees (D:7)
  4 electric eels (D:7)
  6 centaur zombies
  6 bullfrog zombies (Ossuary)
  2 bullfrog skeletons
  4 hounds
  A jelly (D:4)
  3 orc priests (D:5)
  2 gnoll shamans
  2 iguanas
  3 orc wizards (D:5)
  4 killer bee zombies
  11 mummies (Ossuary)
  5 adders
  20 gnolls
  2 shadow imps (D:5)
  A hexer (D:3)
  An ufetubus (D:5)
  2 worms (D:2)
  3 dart slugs
  18 orcs
  5 bats
  8 endoplasms
  2 giant cockroaches
  12 goblins
  4 hobgoblins
  4 jackals
  7 kobolds
  2 quokkas
  6 ball pythons
  3 frilled lizards
192 creatures vanquished.

Vanquished Creatures (collateral kills)
  A sky beast (D:3)
  An ice beast (D:6)
  A hornet zombie (Ossuary)
  2 ogres
  A gnoll sergeant (D:5)
  A water moccasin zombie (Ossuary)
  A jelly (D:6)
  A bullfrog zombie (Ossuary)
  A gnoll shaman (D:4)
  3 orc wizards
  2 gnolls (D:6)
  A white imp (D:3)
  5 orcs
  A bat (D:3)
  A jackal (D:4)
  A quokka (D:2)
  A ball python (D:4)
  A frilled lizard (D:3)
  A kobold (D:2)
27 creatures vanquished.

Vanquished Creatures (others)
  An orc wizard (D:4)
  3 hexers
  An adder (D:4)
  A kobold (D:4)
  A fungus (D:8)
  15 plants
  A withered plant (Ossuary)
23 creatures vanquished.

Grand Total: 242 creatures vanquished

Notes
Turn   | Place    | Note
-------+----------+-------------------------------------------
     0 | D:1      | Anon1729 the Merfolk Monk began the quest for the Orb.
     0 | D:1      | Reached XP level 1. HP: 18/18 MP: 1/1
   231 | D:1      | Reached XP level 2. HP: 19/24 MP: 2/2
   297 | D:1      | Found a faded altar of an unknown god.
   337 | D:1      | Became a worshipper of Hepliaklqana the Forgotten
   337 | D:1      | Reached * piety under Hepliaklqana
   337 | D:1      | Reached ** piety under Hepliaklqana
   338 | D:1      | Remembered your ancestor Arsinoe as a hexer
   489 | D:1      | Reached *** piety under Hepliaklqana
   494 | D:1      | Reached skill level 4 in Short Blades
   736 | D:2      | Reached XP level 3. HP: 19/26 MP: 3/3
   966 | D:2      | Reached skill level 1 in Invocations
   966 | D:2      | Reached XP level 4. HP: 19/33 MP: 4/4
  1469 | D:2      | Reached XP level 5. HP: 31/37 MP: 6/6
  2019 | D:3      | Reached skill level 5 in Dodging
  2064 | D:3      | Reached XP level 6. HP: 35/44 MP: 7/7
  2147 | D:3      | Found a runed translucent gate.
  2510 | D:3      | Reached skill level 5 in Short Blades
  2704 | D:3      | Found a runed translucent gate.
  2704 | D:3      | Found a runed translucent gate.
  2704 | D:3      | Noticed HoaS's ghost (amateur TeBe)
  2725 | D:3      | Noticed a sky beast
  2991 | D:3      | Killed a sky beast
  2992 | D:3      | Reached XP level 7. HP: 33/49 MP: 7/9
  3272 | D:4      | Found a shimmering altar of Xom.
  3507 | D:4      | Reached skill level 5 in Fighting
  3934 | D:4      | Found an ornate altar of the Wu Jian Council.
  4447 | D:5      | Entered Level 5 of the Dungeon
  4459 | D:5      | Found a radiant altar of Vehumet.
  4495 | D:5      | Reached skill level 5 in Stealth
  4635 | D:5      | Reached skill level 6 in Short Blades
  4647 | D:5      | Reached XP level 8. HP: 20/55 MP: 10/10
  5039 | D:5      | Reached **** piety under Hepliaklqana
  5890 | D:5      | Reached skill level 7 in Short Blades
  6331 | D:6      | Found a sand-covered staircase.
  6469 | Ossuary  | Entered an ossuary
  6507 | Ossuary  | Reached XP level 9. HP: 38/62 MP: 12/12
  6614 | Ossuary  | Reached skill level 8 in Short Blades
  6620 | Ossuary  | Reached skill level 5 in Invocations
  7192 | Ossuary  | Reached skill level 9 in Short Blades
  7716 | D:6      | Found an iron altar of Okawaru.
  7806 | D:6      | Found a staircase to the Ecumenical Temple.
  7899 | Temple   | Entered the Ecumenical Temple
  8248 | D:6      | Found a transporter.
  8249 | D:6      | Found a transporter.
  8249 | D:6      | Noticed Daviar's ghost (novice DrAE)
  8334 | D:6      | Found a stormy altar of Qazlal.
  8518 | D:6      | Found a shimmering blue altar of Sif Muna.
  8523 | D:6      | Found a shadowy altar of Dithmenos.
  8653 | D:7      | Reached XP level 10. HP: 65/71 MP: 14/14
  8778 | D:7      | Found a transporter.
  8813 | D:7      | Reached skill level 10 in Short Blades
  9137 | D:7      | Found a transporter.
  9145 | D:7      | Found Nap Jud's Distillery.
  9154 | D:7      | Bought a potion of curing for 33 gold pieces
  9154 | D:7      | Bought a potion of haste for 110 gold pieces
  9154 | D:7      | Bought a potion of heal wounds for 55 gold pieces
  9154 | D:7      | Bought a potion of lignification for 33 gold pieces
  9154 | D:7      | Bought a potion of resistance for 110 gold pieces
  9446 | D:7      | Identified the +7 hand axe of Cowardice {speed, rElec MP+9
                  | Dex+8 Stlth-}
 10196 | D:8      | Slain by a wyvern

Illustrated notes

Levels and vault maps discovered:
D:1:      mushboom_english_gardens, layout_loops_cross,
          chequers_ecumenical_altar_island, palyth_stone_intersect,
          chequers_serial_rivers_micro_e
D:2:      layout_basic
D:3:      layout_basic, gammafunk_ghost_necromancy
D:4:      layout_rooms, xom_confusion_cloud, nzn_wu_jian_contemplation,
          serial_curves, eino_curves_03, eino_curves_03, eino_curves_04
D:5:      layout_basic, fiery_altar_vehumet, serial_co_window_serial,
          co_window_corner_a, co_window_paths_b, co_window_paths_a,
          co_window_corner_a, co_window_of_opportunity_a, co_window_corner_a,
          co_window_corner_a, co_window_unsneaky_path_a,
          co_window_of_opportunity_b, co_window_paths_c, co_window_broadway_c,
          co_window_paths_d, co_window_4corner_a, glass_columns_b,
          glass_columns_c, glass_columns_c, glass_columns_a
D:6:      layout_cave_pools, kennysheep_mini_moat, lemuel_crystal_altar,
          minitemple, minmay_temple_entry_offerings,
          chequers_ossuary_entry_cave, gammafunk_ghost_mausoleum,
          grunt_decor_clamped, minmay_fractal_squares_diagonal_5
D:7:      gammafunk_steamed_eel, layout_loops_ring, serial_shops, shop
D:8:      layout_loops_ring, minmay_lair_entry_grove, uniq_maggie, uniq_joseph
Temple:   nicolae_temple_figure_eight

Skill      XL: |  1  2  3  4  5  6  7  8  9 10 |
---------------+-------------------------------+-----
Short Blades   | 4 5 6 7 9 10 | 10.7
Stealth        | 3 4 5 6 7 8 |  8.0
Invocations    | 1 2 3 4 6 |  6.9
Fighting       | 4 5 6 7 |  7.8
Dodging        | 5 6 7 8 9 |  9.3

Action                   |  1- 3 |  4- 6 |  7- 9 | 10-12 || total
-------------------------+-------+-------+-------+-------++-------
Melee: Short sword       |    20 |       |       |       ||    20
       Dagger            |    50 |    97 |   404 |   125 ||   676
       Tailslap          |       |       |     3 |       ||     3
Invok: Ancestor Life: He |     1 |       |       |       ||     1
       Transference      |       |       |     1 |       ||     1
       Recall Ancestor   |       |       |     2 |       ||     2
Evoke: Wand              |       |       |       |     4 ||     4
  Use: Scroll            |       |       |     8 |     2 ||    10
       Potion            |       |       |       |     2 ||     2
 Stab: Sleeping          |     2 |     5 |     6 |     5 ||    18
       Confused          |       |       |     4 |       ||     4
       Distracted        |       |       |     1 |     1 ||     2
Armor: Robe              |     9 |    11 |    21 |     3 ||    44
Dodge: Dodged            |    36 |    49 |   215 |    65 ||   365

Table legend: (Time is in decaauts)
 A = Elapsed time spent in this place.
 B = Non-inter-level travel time spent in this place.
 C = Inter-level travel time spent in this place.
 D = Time resting spent in this place.
 E = Time spent auto-exploring this place.
 F = Levels seen in this place.
 G = Mean time per level.
                   A        B        C        D        E       F      G
               +--------+--------+--------+--------+--------+-----+--------+
         Total |   9912 |   9625 |    287 |   1245 |   6975 |  10 |  991.2 |
       Dungeon |   8912 |   8625 |    287 |   1044 |   6355 |   8 | 1114.0 |
        Temple |    172 |    172 |      0 |    166 |      0 |   1 |  172.0 |
       Ossuary |    827 |    827 |      0 |     35 |    619 |   1 |  827.0 |
               +--------+--------+--------+--------+--------+-----+--------+

Top non-repeatable levels by time:
     D:5: 1609 daAuts
     D:2: 1488 daAuts
     D:7: 1422 daAuts
     D:4: 1209 daAuts
     D:3: 1199 daAuts
     D:6: 1160 daAuts
 Ossuary: 827 daAuts
     D:1: 708 daAuts
  Temple: 172 daAuts
     D:8: 114 daAuts
